 Dungeon Crawl Stone Soup version 0.27.1-33-g824d729ab1 (webtiles) character file.

Game seed: 17630235943578372172

67 Gabide the Poker (level 4, -2/37 HPs)
             Began as a Human Monk on Dec 10, 2021.
             Slain by a river rat (5 damage)
             ... on level 3 of the Dungeon.
             The game lasted 00:05:35 (2268 turns).

Gabide the Poker (Human Monk)                       Turns: 2268, Time: 00:05:36

Health: -2/37      AC:  4    Str: 12    XL:     4   Next: 40%
Magic:  4/4        EV: 12    Int: 10    God:
Gold:   713        SH:  0    Dex: 16    Spells: 3/3 levels left

rFire    . . .     SeeInvis .   a - +0 spear
rCold    . . .     Faith    .   (no shield)
rNeg     . . .     Spirit   .   c - +0 leather armour
rPois    .         Reflect  .   (no helmet)
rElec    .         Harm     .   (no cloak)
rCorr    .         Rampage  .   (no gloves)
Will     .....                  d - +0 pair of boots
Stlth    ++........             (no amulet)
HPRegen  0.12/turn              (no ring)
MPRegen  0.09/turn              (no ring)

@: mighty, flying, studying Evocations
A: no striking features
a: no special abilities


You were on level 3 of the Dungeon.
You visited 1 branch of the dungeon, and saw 3 of its levels.

You collected 713 gold pieces.

Inventory:

Hand Weapons
 a - a +0 spear (weapon)
Armour
 b - a +0 robe
 c - a +0 leather armour (worn)
 d - a +0 pair of boots (worn)
 e - a +0 ring mail
Potions
 f - a potion of flight


   Skills:
 * Level 3.7 Fighting
 + Level 3.7 Polearms
 + Level 0.3 Armour
 + Level 3.2 Dodging
 + Level 2.2 Stealth
 * Level 1.2 Evocations


You had 3 spell levels left.
You didn't know any spells.
Your spell library was empty.

Dungeon Overview and Level Annotations

Branches:
Dungeon (3/15)

Altars:


Message History

You are too injured to fight recklessly!
You are too injured to fight recklessly!
You are too injured to fight recklessly!
You are too injured to fight recklessly!
You are too injured to fight recklessly!
You are too injured to fight recklessly!
You are too injured to fight recklessly!
You are too injured to fight recklessly!
You are too injured to fight recklessly!
You are too injured to fight recklessly!
You are too injured to fight recklessly!
You are too injured to fight recklessly!
You are too injured to fight recklessly!
You are too injured to fight recklessly!
You are too injured to fight recklessly!
You are too injured to fight recklessly!
You are too injured to fight recklessly!
You hit the river rat but do no damage.
The river rat is moderately wounded.
The river rat barely misses you.
You hit the river rat.
The river rat is heavily wounded.
The river rat bites you but does no damage.
Your unstable footing causes you to fumble your attack.
The river rat bites you but does no damage.
Your unstable footing causes you to fumble your attack.
The river rat bites you.
* * * LOW HITPOINT WARNING * * *
You hit the river rat.
The river rat is severely wounded.
The river rat bites you.
* * * LOW HITPOINT WARNING * * *
It was a potion of flight.
You feel very buoyant.
You fly up into the air.
The river rat bites you.
* * * LOW HITPOINT WARNING * * *
It was a potion of might.
You feel very mighty all of a sudden. The river rat bites you.
You die...

##.#. #.#.. ##.#.
#.#. #.#. #.#. ####
#.## ##≈≈####≈≈# #.#
#≈≈@r≈≈≈≈≈≈ #.#
##≈≈####≈≈# #.# #≈##
#.# #≈# #.## #≈# ###
#..# #≈##
####.#####...
##≈≈####≈≈##........
#≈≈≈≈≈≈≈≈≈≈...#.....
##≈≈####≈≈###.#.##.#


You could see a river rat.

Vanquished Creatures
  2 adders
  A worm (D:3)
  5 endoplasms (D:1)
  2 giant cockroaches
  6 hobgoblins
  2 quokkas
  4 ball pythons
  5 bats
  A frilled lizard (D:1)
  6 goblins
  3 kobolds
  9 rats
46 creatures vanquished.

Vanquished Creatures (others)
  A plant (D:1)
1 creature vanquished.

Grand Total: 47 creatures vanquished

Notes
Turn   | Place    | Note
-------+----------+-------------------------------------------
     0 | D:1      | Gabide the Human Monk began the quest for the Orb.
     0 | D:1      | Reached XP level 1. HP: 18/18 MP: 1/1
   352 | D:1      | Reached XP level 2. HP: 24/24 MP: 2/2
   483 | D:1      | Identified 2 scrolls of acquirement
   483 | D:1      | Acquired a manual of Evocations
   485 | D:1      | Acquired 630 gold pieces
   627 | D:1      | Reached XP level 3. HP: 29/29 MP: 3/3
   787 | D:1      | Found a faded altar of an unknown god.
  1826 | D:3      | Reached XP level 4. HP: 31/35 MP: 4/4
  1888 | D:3      | Reached skill level 1 in Evocations
  2268 | D:3      | Slain by a river rat

Illustrated notes

Levels and vault maps discovered:
D:1:      lemuel_arrival_funnel, layout_loops_cross, serial_forest,
          infiniplex_forest_lined_4_way, infiniplex_forest_lined_room_2,
          infiniplex_forest_join, infiniplex_forest_lined_2,
          infiniplex_forest_clump_small, infiniplex_forest_straight_4,
          infiniplex_forest_corner_1, infiniplex_forest_end_1,
          dreamdust_ecumenical_altar_statues
D:2:      layout_basic, st_stairs_14, uniq_crazy_yiuf_cottage
D:3:      layout_loops_corners, gup_sewer_entry_bubbles

Skill      XL: |  1  2  3  4 |
---------------+-------------+-----
Evocations     | 1 |  1.2
Fighting       | |  3.7
Polearms       | |  3.7
Armour         | |  0.3
Dodging        | |  3.2
Stealth        | |  2.2

Action                   |  1- 3 |  4- 6 || total
-------------------------+-------+-------++-------
Melee: Spear             |   133 |    66 ||   199
  Use: Scroll            |     3 |       ||     3
       Potion            |       |     2 ||     2
 Stab: Sleeping          |     7 |     2 ||     9
Armor: Robe              |     4 |       ||     4
       Leather armour    |    15 |    13 ||    28
Dodge: Dodged            |    65 |    20 ||    85
